 Dungeon Crawl Stone Soup version 0.24-a0-630-g0d56a851f4 (webtiles) character file.

Game seed: 5873009238015587996, levelgen mode: classic

128 Briareos the Vandal (level 5, -6/34 HPs)
             Began as a Halfling Hunter on July 31, 2019.
             Was a Plaything of Xom.
             Mangled by a gnoll
             ... wielding a +0 spear
              (7 damage)
             ... on level 3 of the Dungeon on Sept 19, 2019.
             The game lasted 00:12:08 (2056 turns).

Briareos the Vandal (Halfling Hunter)               Turns: 2056, Time: 00:12:08

Health: -6/34      AC:  8    Str: 13    XL:     5   Next: 34%
Magic:  5/5        EV:  9    Int:  9    God:    Xom [.*....]
Gold:   148        SH:  0    Dex: 16    Spells: 4/4 levels left

rFire    . . .     SeeInvis .   b - +0 short sword
rCold    . . .     Gourm    .   (shield restricted)
rNeg     . . .     Faith    .   i - +0 chain mail
rPois    .         Spirit   .   (no helmet)
rElec    .         Reflect  .   (no cloak)
rCorr    .         Harm     .   (no gloves)
MR       .....                  (no boots)
Stlth    ..........             (no amulet)
HPRegen  0.11/turn              (no ring)
MPRegen  0.09/turn              (no ring)

@: cleaving
A: small, mutation resistance 1
a: Renounce Religion


You were on level 3 of the Dungeon.
You worshipped Xom.
You were a plaything of Xom.
You were not hungry.

You visited 1 branch of the dungeon, and saw 3 of its levels.

You collected 148 gold pieces.

Inventory:

Hand Weapons
 a - a +1 hunting sling
 b - a +0 short sword (weapon)
 j - a +0 hunting sling
 l - a +0 dagger
 w - a +0 dagger
 x - a +0 dagger
Missiles
 d - 20 sling bullets
 g - 126 stones
 m - 13 bolts
 r - 18 arrows
 u - 4 boomerangs (quivered)
Armour
 c - a +0 leather armour
 e - a +0 robe
 h - a +0 robe of magic resistance
 i - a +0 chain mail (worn)
 k - a +0 robe
 n - a +0 chain mail
 p - a +0 ring mail
 q - a +0 ring mail
Jewellery
 t - a +4 ring of slaying {unknown}
Potions
 s - a potion of curing
 v - a potion of heal wounds {unknown}
Comestibles
 f - 6 rations
 o - 6 chunks of flesh


   Skills:
 + Level 2.0 Fighting
 + Level 7.9(8.1) Slings
 + Level 1.5(3.7) Throwing
 + Level 1.5 Armour
 + Level 2.5 Dodging
 + Level 1.1 Stealth


You had 4 spell levels left.
You didn't know any spells.
Your spell library was empty.

Dungeon Overview and Level Annotations

Branches:
Dungeon (3/15)

Altars:
Wu Jian
Xom


Innate Abilities, Weirdness & Mutations

You are small and have problems with some larger weapons.
You are somewhat resistant to further mutation.


Message History

Char dumped successfully.
Unknown command.
Wield which item (- for none, * to show all)? (? for menu, Esc to quit)
b - a +0 short sword (weapon)
The gnoll barely misses you. The gnoll hits you but does no damage.
You see here a +0 whip.
You closely miss the gnoll.
The gnoll is moderately wounded. "Go forth and cause havoc, mortal!"
Your +0 short sword looks sharp.
The gnoll hits you but does no damage.
You hit the gnoll but do no damage.
The gnoll is moderately wounded.
The gnoll hits you with a +0 spear.
* * * LOW HITPOINT WARNING * * *
You hit the gnoll.
The gnoll is severely wounded.
The gnoll hits you with a +0 spear!
You die...

######
+....##########
#.#<.[...>...#
#.[.....####.# #
###†....#
#.###.###.
#.....####.#.).....
#.....'....@g#
#.....####.###
#.....# #...
......... (.....
......########.###
###.#. .# #... .#
### #


You could see a gnoll.

Vanquished Creatures
  An orc wizard (D:3)
  Natasha (D:2)
  3 gnolls (D:3)
  An adder (D:2)
  A dart slug (D:2)
  2 orcs (D:3)
  A ball python (D:2)
  4 bats
  3 hobgoblins
  3 jackals (D:1)
  3 quokkas (D:2)
  3 frilled lizards (D:2)
  5 goblins
  A kobold (D:1)
  7 rats
39 creatures vanquished.

Notes
Turn   | Place    | Note
-------+----------+-------------------------------------------
     0 | D:1      | Briareos the Halfling Hunter began the quest for the Orb.
     0 | D:1      | Reached XP level 1. HP: 14/14 MP: 1/1
   161 | D:1      | Reached skill level 6 in Slings
   235 | D:1      | Reached XP level 2. HP: 19/19 MP: 2/2
   892 | D:2      | Reached XP level 3. HP: 12/24 MP: 3/3
  1254 | D:2      | Reached skill level 7 in Slings
  1317 | D:2      | Found an ornate altar of the Wu Jian Council.
  1379 | D:2      | Upgraded the game from 0.24-a0-524-gf43b32f898 to
                  | 0.24-a0-592-g9a1d66b0e3
  1692 | D:2      | Found a shimmering altar of Xom.
  1699 | D:2      | Became a worshipper of Xom of Chaos
  1824 | D:2      | Upgraded the game from 0.24-a0-592-g9a1d66b0e3 to
                  | 0.24-a0-630-g0d56a851f4
  1941 | D:2      | Noticed Natasha
  1941 | D:2      | XOM: divination: magic mapping
  1942 | D:2      | XOM: silly message
  1944 | D:2      | XOM: divination: magic mapping
  1948 | D:2      | Killed Natasha
  1948 | D:2      | Reached XP level 4. HP: 28/29 MP: 4/4
  2012 | D:3      | Reached skill level 1 in Armour
  2012 | D:3      | Reached XP level 5. HP: 19/34 MP: 5/5
  2046 | D:3      | Reached skill level 1 in Throwing
  2054 | D:3      | XOM: cleaving
  2055 | D:3      | HP: 1/34 [gnoll/+0 spear (5)]
  2056 | D:3      | Mangled by a gnoll

Levels and vault maps discovered:
D:1:      dpeg_arrival_snail, layout_basic, st_stairs_13
D:2:      layout_basic, nicolae_overflow_crystal_walls, old_standard_altar,
          uniq_natasha
D:3:      layout_basic, nemelex_xobeh_ov_fountains_minmay,
          nicolae_qazlal_style_of_elements,
          chequers_ecumenical_altar_simple_redux, nrook_campfire,
          dk_noncrumbling_2, minmay_misc_feat_nine_boxes,
          guppyfry_early_orc_mine

Skill      XL: |  1  2  3  4  5 |
---------------+----------------+-----
Slings         | 6 7 |  7.9
Fighting       | 2 |  2.0
Armour         | 1 |  1.5
Throwing       | 1 |  1.5
Dodging        | |  2.5
Stealth        | |  1.1

Action                   |  1- 3 |  4- 6 || total
-------------------------+-------+-------++-------
Melee: Dagger            |    10 |       ||    10
       Short sword       |     4 |     3 ||     7
 Fire: Hunting sling     |    76 |       ||    76
Throw: Boomerang         |     7 |    36 ||    43
  Use: Scroll            |     4 |       ||     4
       Potion            |     5 |       ||     5
  Eat: Chunk             |     3 |       ||     3
Armor: Robe              |     1 |       ||     1
       Chain mail        |    18 |    27 ||    45
Dodge: Dodged            |    15 |    14 ||    29

Table legend:
 A = Non-vault XP
 B = Vault XP
 C = Vault XP percentage of total XP
 D = Non-vault monster count
 E = Vault monster count
 F = Vault count percentage of total count
                 A         B        C        D         E       F
            +---------+---------+-------+---------+---------+-------
      Total |     148 |      36 |  19.6 |      37 |       2 |   5.1
            +---------+---------+-------+---------+---------+-------
        D:1 |      20 |       1 |   4.8 |      14 |       1 |   6.7
        D:2 |      38 |      35 |  47.9 |      16 |       1 |   5.9
        D:3 |      90 |       0 |   0.0 |       7 |       0 |   0.0
            +---------+---------+-------+---------+---------+-------
